Map: Dusk Towers

Players

capac - Winner!

  • Race: Terran Terran
  • League: Gold

kaken

  • Race: Zerg Zerg
  • League: Gold

VOD

Have the link to the VOD?

Description

Time

  • Played on: March 6, 2016, 9:53 a.m.
  • Length: 16:32
Show
View Real Time Build Order
Export as new Build Order

capac Terran - Winner!

Build Orders: MMM Bio 

Get SALT Encoding   

  12  0:00  SCV  
  13  0:13  SCV  
  14  0:18  Supply Depot  
  14  0:25  SCV  
  15  0:39  SCV  
  15  0:40  Barracks  
  16  0:47  Refinery  
  16  0:51  SCV  
  17  1:03  SCV  
  18  1:15  SCV  
  19  1:28  SCV  
  20  1:33  Barracks Reactor  
  20  1:37  Command Center  
  20  1:40  SCV  
  21  1:49  Supply Depot  
  21  1:52  Orbital Command  
  21  2:09  Marine  
  21  2:10  Marine  
  23  2:18  SCV  
  24  2:25  Barracks  
  24  2:26  Factory  
  24  2:29  Marine  
  24  2:30  Marine  
  24  2:33  SCV  
  27  2:38  Refinery  
  27  2:56  Marine x2  
  29  3:02  SCV  
  29  3:04  Orbital Command  
  30  3:13  Starport, Factory Reactor  
  30  3:15  Barracks Tech Lab  
  30  3:21  Engineering Bay  
  30  3:22  SCV  
  30  3:34  SCV  
  30  3:35  Stimpack  
  30  3:39  Refinery, SCV  
  32  3:50  SCV  
  32  3:51  SCV  
  34  4:04  SCV x2  
  34  4:08  Marine x3  
  39  4:10  Medivac x2  
  39  4:15  Factory Tech Lab  
  43  4:20  SCV x2  
  45  4:25  Marine  
  46  4:37  Marine x2  
  46  4:38  Supply Depot  
  48  4:39  Siege Tank  
  48  4:40  Supply Depot  
  48  4:44  Marine  
  52  4:55  SCV x2  
  52  4:59  Marine x2  
  56  5:01  Marine  
  56  5:06  Viking x2  
  61  5:17  Marine x2  
  61  5:19  Marine  
  64  5:29  Barracks  
  64  5:30  SCV  
  64  5:31  SCV  
  64  5:32  Barracks  
  64  5:35  Marine x2  
  68  5:37  Marine  
  69  5:43  SCV  
  70  6:06  SCV  
  70  6:07  SCV  
  70  6:19  Liberator  
  70  6:21  Liberator  
  70  6:26  Supply Depot  
  70  6:27  Supply Depot  
  70  6:30  Barracks Reactor, SCV  
  70  6:31  Supply Depot, Marine, Barracks Reactor  
  70  6:32  Marine  
  70  6:35  Supply Depot, Marine  
  70  6:48  Marine, Siege Tank  
  70  6:50  Supply Depot, Marine  
  70  6:51  Terran Infantry Weapons Level 1, Supply Depot, Combat Shields  
  70  6:53  Marine  
  76  6:55  SCV x2  
  76  7:01  Supply Depot, Refinery  
  78  7:09  Barracks  
  78  7:10  Marine x2  
  78  7:11  Marine x2  
  82  7:20  Siege Tank, Medivac  
  82  7:21  Medivac  
  89  7:29  Marine  
  89  7:30  Marine x2  
  89  7:35  Liberator x2  
  92  7:39  Marine x4  
  92  7:42  SCV x2  
  98  7:47  Marine  
  99  7:52  Siege Tank  
  99  7:55  Marine  
  99  7:56  Marine  
  110  7:59  SCV  
  110  8:00  SCV  
  112  8:27  Command Center  
  112  8:41  Marine  
  112  8:42  Marine x7  
  116  9:06  Marine x4  
  116  9:07  Marine x4  
  124  9:13  Liberator x2  
  124  9:24  Marine x2  
  124  9:25  Barracks Reactor  
  124  9:30  Marine x3, Siege Tank  
  138  9:31  Supply Depot  
  138  9:45  Starport  
  138  9:47  Factory, Orbital Command  
  138  10:02  Siege Tank  
  141  10:23  Supply Depot  
  141  10:25  Supply Depot  
  141  10:27  Supply Depot, Starport Reactor  
  141  10:32  Factory Tech Lab  
  141  10:35  Siege Tank  
  144  10:38  Supply Depot  
  144  10:47  Medivac x2  
  144  10:49  SCV x2  
  150  10:56  Refinery x2, Marine x3  
  150  10:57  Marine x6  
  159  11:07  Siege Tank  
  162  11:14  Marine x2  
  164  11:22  Marine x3  
  164  11:23  Marine x4  
  168  11:27  Siege Tank  
  168  11:29  SCV x3  
  168  11:32  Marine x2  
  173  11:39  Siege Tank  
  176  11:41  SCV  
  176  11:43  Medivac x2  
  176  11:44  Medivac x2  
  185  11:48  Terran Infantry Armor Level 1  
  185  11:53  Armory  
  185  11:55  Engineering Bay  
  185  12:01  Command Center  
  185  12:04  Marine x5  
  185  12:05  Marine  
  191  12:23  Liberator x3  
  177  14:21  Marine x3  
  177  14:22  Marine x6  
  186  14:39  Marine x4  
  162  15:22  Liberator  
  162  15:23  Liberator x3  
Show
View Real Time Build Order
Export as new Build Order

kaken Zerg 

Build Orders: Hatch First 

Get SALT Encoding   

  12  0:01  Drone  
  13  0:12  Overlord  
  13  0:17  Drone  
  14  0:30  Drone x2  
  14  0:35  Drone  
  17  0:48  Extractor  
  16  0:52  Drone  
  17  0:58  Hatchery  
  17  1:00  Drone  
  17  1:07  Drone  
  18  1:20  Spawning Pool  
  18  1:22  Drone  
  18  1:28  Drone  
  19  1:40  Drone  
  20  1:57  Hatchery  
  19  2:01  Drone  
  19  2:02  Drone  
  21  2:12  Drone  
  21  2:14  Drone  
  23  2:21  Drone  
  23  2:22  Drone  
  25  2:23  Queen  
  27  2:35  Drone  
  28  2:52  Overlord  
  28  2:54  Overlord  
  28  3:05  Roach Warren  
  27  3:09  Queen  
  27  3:10  Zergling x2  
  27  3:11  Zergling x8  
  34  3:13  Metabolic Boost  
  34  3:15  Drone  
  34  3:16  Drone  
  36  3:22  Drone  
  36  3:23  Drone  
  38  3:38  Queen  
  41  3:41  Drone  
  41  3:42  Overlord, Drone  
  41  3:44  Overlord  
  42  3:50  Extractor x2  
  42  3:52  Drone x2  
  42  3:53  Extractor  
  41  4:04  Drone  
  41  4:05  Drone x2  
  44  4:18  Drone x5  
  44  4:19  Drone x6  
  55  4:25  Drone  
  56  4:32  Lair  
  56  4:36  Drone x2  
  56  4:38  Overlord  
  58  4:41  Overlord  
  59  5:00  Drone x2  
  59  5:04  Extractor  
  59  5:05  Extractor, Drone x2  
  59  5:06  Drone x2  
  59  5:07  Drone x2  
  64  5:08  Drone x6  
  70  5:27  Drone  
  70  5:28  Drone x2  
  72  5:29  Drone  
  72  5:31  Overlord x2  
  72  5:32  Overlord  
  72  5:33  Overlord  
  72  5:34  Overlord x2  
  74  5:46  Spire  
  74  5:49  Drone  
  74  5:53  Roach x7  
  88  6:00  Roach  
  88  6:01  Roach x4  
  90  6:12  Roach  
  90  6:13  Roach x6  
  88  6:22  Ravager  
  78  6:42  Drone  
  78  6:43  Drone x2  
  78  6:44  Drone  
  78  6:45  Drone  
  78  6:46  Drone x3  
  86  6:53  Queen  
  88  7:15  Mutalisk x9  
  90  7:19  Mutalisk x3  
  90  7:21  Mutalisk x2  
  116  7:24  Mutalisk  
  118  7:30  Mutalisk  
  118  7:33  Overlord  
  118  7:34  Overlord  
  120  8:00  Ravager  
  120  8:01  Ravager x11  
  132  8:26  Hydralisk Den  
  131  8:29  Evolution Chamber  
  130  8:40  Evolution Chamber  
  116  8:54  Hydralisk x9  
  116  8:55  Hydralisk x7  
  120  9:06  Zerg Missile Weapons Level 1  
  120  9:10  Zerg Ground Armor Level 1  
  120  9:26  Infestation Pit  
  120  9:29  Zerg Flyer Weapons Level 1  
  119  9:32  Drone  
  119  9:33  Drone x5  
  125  9:56  Drone x2  
  125  9:58  Drone  
  125  9:59  Hatchery  
  127  10:08  Muscular Augments  
  126  10:28  Spore Crawler  
  125  10:30  Spore Crawler  
  124  10:36  Corruptor  
  124  10:37  Corruptor x3  
  132  10:48  Drone x2  
  132  10:49  Drone x3  
  137  11:04  Overlord x2  
  137  11:27  Corruptor x4  
  145  11:34  Hive  
  145  11:37  Drone  
  145  11:38  Drone x3  
  149  11:40  Drone  
  149  11:42  Drone  
  151  11:59  Drone  
  151  12:00  Drone x3  
  155  12:02  Drone x4  
  155  12:04  Overlord x2  
  155  12:07  Overlord  
  159  12:46  Greater Spire  
  159  12:49  Overlord x3  
  159  12:50  Overlord  
  159  12:52  Corruptor x6  
  159  12:56  Overlord  
  148  14:06  Brood Lord  
  148  14:07  Brood Lord x9  
  148  14:08  Brood Lord x4  
  98  14:24  Overseer x2  
  99  14:31  Drone x3  
  90  14:55  Extractor  
  90  14:56  Hatchery  
  90  14:59  Extractor  
  72  15:35  Hatchery  
Tags
 
Composition
MMM Bio
League
GoldGold
Matchup
TvZ
Add a new tag
Caveats
  • Supply blocks, unpowered buildings, or Contaminate may cause inaccurate times.
  • Supply counts are checked every 10 seconds.